 Dungeon Crawl Stone Soup version 0.24-a0-462-ge24419a6ad (webtiles) character file.

Game seed: 4826908669070536578

121 zxc the Slasher (level 5, 0/49 HPs)
             Began as a Naga Fighter on July 1, 2019.
             Slain by a goblin
             ... wielding a +0 dagger
             ... led by Robin
              (4 damage)
             ... on level 3 of the Dungeon.
             The game lasted 00:02:34 (1634 turns).

zxc the Slasher (Naga Fighter)                      Turns: 1634, Time: 00:02:34

Health: 0/49       AC:  5    Str: 20    XL:     5   Next: 5%
Magic:  5/5        EV:  7    Int:  8    God:
Gold:   69         SH:  0    Dex: 10    Spells: 4/4 levels left

rFire    . . .     SeeInvis +   a - +0 long sword
rCold    . . .     Gourm    .   (no shield)
rNeg     . . .     Faith    .   b - +0 scale mail
rPois    +         Spirit   .   (no helmet)
rElec    .         Reflect  .   (no cloak)
rCorr    .         Harm     .   (no gloves)
MR       .....                  (no barding)
Stlth    ..........             g - amulet of magic regeneration
HPRegen  0.16/turn              (no ring)
MPRegen  0.34/turn              (no ring)

@: very slow
A: large, see invisible, deformed body, poison resistance, slowness 2, slow
metabolism 1, spit poison 1, AC +1
a: Spit Poison


You were on level 3 of the Dungeon.
You were hungry.

You visited 1 branch of the dungeon, and saw 3 of its levels.

You collected 69 gold pieces.

Inventory:

Hand Weapons
 a - a +0 long sword (weapon)
Armour
 b - a +0 scale mail (worn)
 c - a +0 shield
Jewellery
 g - an amulet of magic regeneration (around neck)
 k - a cursed ring of attention {unknown}
 l - an uncursed ring of fire {unknown}
Scrolls
 h - a scroll of teleportation {unknown}
 j - a scroll of remove curse {unknown}
 n - a scroll of fog {unknown}
 o - a scroll of fear {unknown}
Potions
 e - a potion of curing {unknown}
 i - a potion of ambrosia {unknown}
Comestibles
 f - 3 rations


   Skills:
 + Level 3.3 Fighting
 * Level 4.0 Long Blades
 + Level 2.9 Armour
 + Level 0.3 Dodging
 - Level 2.7 Shields


You had 4 spell levels left.
You didn't know any spells.
Your spell library was empty.

Dungeon Overview and Level Annotations

Branches:
Dungeon (3/15)

Altars:
Dithmenos
Elyvilon
Kikubaaqudgha
Trog

Annotations:
D:3 Robin


Innate Abilities, Weirdness & Mutations

You cannot wear boots.
Your serpentine skin is tough. (AC +1)
You have supernaturally acute eyesight. (SInv)
Armour fits poorly on your strangely shaped body.
Your system is resistant to poisons. (rPois)
You cover ground very slowly.
You have a slow metabolism.
You can spit poison.


Message History

You hit the goblin.
The goblin is moderately wounded.
The goblin no longer looks unusually strong.
Robin roars a battlecry!
The goblins go into a battle-frenzy!
The goblin barely misses you. The hobgoblin barely misses you.
The goblin hits you with a +0 dagger!
* * * LOW HITPOINT WARNING * * *
The goblin hits you but does no damage. The goblin hits you with a +0 club.
* * * LOW HITPOINT WARNING * * *
Robin hits you with a +0 short sword.
* * * LOW HITPOINT WARNING * * *
You closely miss the goblin.
The goblin is moderately wounded.
The goblin hits you but does no damage. The hobgoblin completely misses you.
The goblin barely misses you. The goblin hits you with a +0 dagger.
* * * LOW HITPOINT WARNING * * *
The goblin closely misses you.
You riposte.
You barely miss the goblin. The goblin hits you with a +0 dagger.
You die...

#.#.# #.#..#### ##.(.....# #
.>.......# ###..
......##......).## ... #.
.........##.......(####.##...
.^._.....#......g............
#..........#...ggg......$..$.
#....8.....#...g@gg....[.....
#..............#g##.†.(......
#....._...#####.##).........
#.......)...###.##..........
#......)##..##.############
#.......###.##.# #..<..).#
#..#.# #######.# ##...# #.#
#...#


You could see Robin, 2 hobgoblins and 5 goblins.

Vanquished Creatures
  Jessica (D:2)
  Terence (D:3)
  An adder (D:2)
  A dart slug (D:1)
  2 leopard geckos (D:2)
  4 giant cockroaches
  8 hobgoblins
  2 jackals (D:1)
  8 kobolds
  A ball python (D:2)
  4 bats
  5 frilled lizards
  9 goblins
  10 rats
57 creatures vanquished.

Notes
Turn   | Place    | Note
-------+----------+-------------------------------------------
     0 | D:1      | zxc the Naga Fighter began the quest for the Orb.
     0 | D:1      | Reached XP level 1. HP: 21/21 MP: 1/1
    69 | D:1      | Reached XP level 2. HP: 22/28 MP: 2/2
   462 | D:1      | Reached XP level 3. HP: 34/34 MP: 3/3
  1030 | D:2      | Reached skill level 3 in Long Blades
  1078 | D:2      | Found an ancient bone altar of Kikubaaqudgha.
  1333 | D:2      | Noticed Jessica
  1343 | D:2      | Killed Jessica
  1343 | D:2      | Reached XP level 4. HP: 39/42 MP: 4/4
  1410 | D:2      | Found a white marble altar of Elyvilon.
  1476 | D:3      | Found a bloodstained altar of Trog.
  1476 | D:3      | Noticed Terence
  1478 | D:3      | Found a shadowy altar of Dithmenos.
  1486 | D:3      | Killed Terence
  1486 | D:3      | Reached skill level 4 in Long Blades
  1486 | D:3      | Reached XP level 5. HP: 30/49 MP: 5/5
  1621 | D:3      | Noticed Robin
  1634 | D:3      | Slain by a goblin

Levels and vault maps discovered:
D:1:      minmay_arrival_four_houses, layout_loops_corners, minmay_pentomino_r2
D:2:      layout_rooms, lemuel_round_altar, lemuel_round_altar, uniq_jessica
D:3:      layout_rooms, lemuel_coloured_pillars_altar, lemuel_crystal_altar,
          grunt_temple_overflow_open, first_ration, uniq_terence, uniq_robin

Skill      XL: |  1  2  3  4 |
---------------+-------------+-----
Long Blades    | 3 4 |  4.0
Fighting       | |  3.3
Armour         | |  2.9
Dodging        | |  0.3
Shields        | |  2.7

Action                   |  1- 3 |  4- 6 || total
-------------------------+-------+-------++-------
Melee: Long sword        |   136 |    27 ||   163
  Use: Potion            |       |     1 ||     1
  Eat: Chunk             |     1 |       ||     1
Armor: Scale mail        |    60 |    17 ||    77
Dodge: Dodged            |    48 |    24 ||    72
Block: Shield            |    42 |       ||    42
       Rpst.: Long sword |    20 |     9 ||    29

Table legend:
 A = Non-vault XP
 B = Vault XP
 C = Vault XP percentage of total XP
 D = Non-vault monster count
 E = Vault monster count
 F = Vault count percentage of total count
                 A         B        C        D         E       F
            +---------+---------+-------+---------+---------+-------
      Total |      91 |      82 |  47.4 |      50 |       7 |  12.3
            +---------+---------+-------+---------+---------+-------
        D:1 |      50 |       4 |   7.4 |      33 |       2 |   5.7
        D:2 |      36 |      37 |  50.7 |      14 |       1 |   6.7
        D:3 |       5 |      41 |  89.1 |       3 |       4 |  57.1
            +---------+---------+-------+---------+---------+-------
